 Dungeon Crawl Stone Soup version 0.30.1-9-gdf580d7c3d (webtiles) character file.

Game seed: 8954168617086492689

22661 lonewolfV2 the Fighter (level 12, -1/102 (103) HPs)
             Began as a Demonspawn Fighter on Oct 23, 2023.
             Was a High Priest of Trog.
             Slain by a wraith (5 damage)
             ... led by Josephine
             ... on level 12 of the Dungeon.
             The game lasted 00:26:42 (11395 turns).

lonewolfV2 the Fighter (Demonspawn Fighter)        Turns: 11395, Time: 00:26:42

HP:   -1/102 (103)  AC: 26    Str: 21    XL:     12   Next: 65%
MP:   12/12         EV:  3    Int: 16    God:    Trog [*****.]
Gold: 797           SH: 16    Dex: 19    Spells: 11/11 levels left

rFire   . . .        G - +2 war axe (freeze)
rCold   . . .        F - +0 kite shield
rNeg    . . .        l - +0 crystal plate armour
rPois   .            u - +0 helmet
rElec   .            (no cloak)
rCorr   .            c - +2 pair of gloves
SInv    .            i - +0 pair of boots
Will    ++...        s - amulet of regeneration Stlth
                     O - +6 ring of dexterity
HPRegen 2.17/turn    o - +4 ring of slaying
MPRegen 0.13/turn

%: wizardry (x1)
@: strong-willed, regenerating, slowed, studying Staves, lightly drained, very
slow
A: demonic guardian 2, big brain 3, condensation shield
a: Renounce Religion, Berserk, Trog's Hand, Brothers in Arms


You were on level 12 of the Dungeon.
You worshipped Trog.
Trog was extremely pleased with you.
You visited 1 branch of the dungeon, and saw 12 of its levels.
You also visited: Ossuary.

You collected 797 gold pieces.

Inventory:

Hand Weapons
 a - a +1 heavy war axe
 G - a +2 war axe of freezing (weapon)
 K - the +7 dagger "Ducaal" {pain, *Noise +Blink rF++ Dex-2}
   (You found it on level 9 of the Dungeon)

   Dex:       It affects your dexterity (-2).
   rF:        It greatly protects you from fire.
   +Blink:    It lets you blink.
   *Noise:    It may make noises in combat.
   Trog disapproves of the use of such an item.
Armour
 c - a +2 pair of gloves (worn)
 i - a +0 pair of boots (worn)
 l - a +0 crystal plate armour (worn)
 u - a +0 helmet (worn)
 F - a +0 kite shield (worn)
Jewellery
 e - a ring of poison resistance
 j - a ring of willpower
 m - a +5 ring of evasion
 o - a +4 ring of slaying (right hand)
 s - an amulet of regeneration (around neck)
 v - a +4 ring of protection
 D - a ring of positive energy
 L - a ring of ice
 O - a +6 ring of dexterity (left hand)
 P - a ring of protection from cold
Wands
 b - a wand of flame (17)
 t - a wand of paralysis (19)
 I - a wand of polymorph (2)
 M - a wand of light (7)
Scrolls
 k - a scroll of magic mapping
 q - 4 scrolls of teleportation
 r - 3 scrolls of enchant armour
 w - 2 scrolls of enchant weapon
 y - a scroll of identify
Potions
 d - 4 potions of might
 f - a potion of curing
 g - 3 potions of mutation
 h - 2 potions of flight
 n - a potion of cancellation
 p - 6 potions of attraction
 x - 2 potions of lignification
 z - a potion of ambrosia
 B - a potion of brilliance
 C - 4 potions of haste
 E - 3 potions of degeneration
 N - 2 potions of berserk rage
Miscellaneous
 A - a phantom mirror


   Skills:
 - Level 12.3 Fighting
 - Level 11.1 Axes
 + Level 9.1 Armour
 + Level 9.4 Shields


You had 11 spell levels left.
You didn't know any spells.
Your spell library was empty.

Dungeon Overview and Level Annotations

Branches:
Dungeon (12/15)            Temple (0/1) D:6            Lair (0/5) D:10
    Orc (0/2) D:10        Ossuary (visited)

Altars:
Ashenzari
Cheibriados
Gozag
Nemelex Xobeh
Qazlal
Ru
Sif Muna
Trog
Wu Jian

Shops:
D:9 ?

Annotations:
D:11 exclusion: oklob plant
D:12 exclusion: ice statue, Josephine


Innate Abilities, Weirdness & Mutations

A demonic guardian rushes to your aid.
You have an absolutely massive brain. (Int +6, Wiz)
A meltable shield of frost defends you. (SH +4)


Message History

The ghostly flame explodes!
The ghostly fireball engulfs you but does no damage.
The ghostly fireball engulfs the wraith.
The wraith completely resists.
The ghostly fireball engulfs Josephine.
Josephine completely resists.
The ghostly fireball engulfs the wraith.
The wraith completely resists.
The ghostly fireball engulfs the wraith.
The wraith completely resists.
Your skin crawls.
You feel strong-willed.
You feel very sick. The wraith barely misses you.
The wraith hits you but does no damage. You block Josephine's attack.
You block the wraith's attack.
You feel much better.
You feel very sick. You block the wraith's attack.
Josephine draws life force from you!
Josephine is healed by the life force!
The wraith hits you! The wraith drains your vigour!
You feel as though you will be slow longer.
You block the wraith's attack. The wraith hits you but does no damage.
The wraith barely misses you. The wraith hits you but does no damage.
You block Josephine's attack.
Your troll goes berserk!
You feel very sick. You block the wraith's attack. The wraith hits you.
The wraith drains your vigour!
You feel as though you will be slow longer.
You block the troll's attack. The troll claws you.
* * * LOW HITPOINT WARNING * * *
The troll claws you.
* * * LOW HITPOINT WARNING * * *
You block Josephine's attack. The wraith hits you!
* * * LOW HITPOINT WARNING * * *
A demonic guardian appears!
You feel better. Josephine draws life force from you!!
* * * LOW HITPOINT WARNING * * *
Josephine is healed by the life force!
You block the wraith's attack. The wraith hits you.
You die...

#........#...
#........#(..#
#........'...#
#........#...#
#........#...#
#........#...#
#........#...#
#.....#'##@W.#
#.....#...@WT#
#.....#..T3W.#
#.....#......#
#######.....'......#
............#......#
............#'######
............#..
............#...
............#


You could see Josephine, a troll, 3 wraiths, a friendly soul eater (summoned)
and a friendly troll (summoned, berserk).

Vanquished Creatures
  A centaur warrior (D:8)
  5 two-headed ogres
  2 tengu warriors (D:12)
  A skeletal warrior (D:9)
  The ghost of KittyFluff the Protected, a novice GrBe of Trog (D:7)
  An ugly thing (D:12)
  4 cyclopes
  A manticore (D:11)
  Maggie (D:10)
  A kobold demonologist (D:11)
  4 trolls
  4 slime creatures
  A culicivora (shapeshifter) (D:8)
  3 shadows
  21 yaks
  6 wraiths
  6 vampire mosquitoes (D:10)
  4 fire bats (D:10)
  3 steam dragons
  An acid dragon (D:8)
  A hell hound (D:10)
  3 water moccasins
  3 orc warriors
  2 ice beasts
  A sky beast (D:7)
  A black bear (D:8)
  10 centaurs
  3 ogres
  2 phantoms
  An elf zombie (Ossuary)
  3 kobold brigands
  4 scorpions
  7 bullfrogs
  A gnoll sergeant (D:10)
  10 wights
  6 jellies (D:11)
  4 howler monkeys
  8 hounds
  4 centaur zombies (Ossuary)
  3 gnoll boudas
  3 orc priests
  7 iguanas
  6 orc wizards
  An ogre zombie (Ossuary)
  2 centaur simulacra (D:9)
  8 mummies
  16 gnolls
  3 adders
  A shadow imp (D:5)
  2 white imps (D:5)
  2 howler monkey simulacra (D:9)
  An ufetubus (D:7)
  2 adder zombies (Ossuary)
  7 worms
  3 dart slugs
  25 orcs
  6 ball pythons
  4 bats
  18 endoplasms
  4 giant cockroaches
  12 goblins
  11 hobgoblins
  5 jackals (D:5)
  6 quokkas
  4 frilled lizards (D:1)
  A goblin zombie (Ossuary)
  2 hobgoblin zombies (Ossuary)
  16 kobolds
  2 kobold zombies (Ossuary)
  2 quokka zombies (Ossuary)
  5 rats
  A rat zombie (Ossuary)
336 creatures vanquished.

Vanquished Creatures (collateral kills)
  A cyclops (D:12)
  2 slime creatures (D:12)
  A vampire (D:9)
  A vampire mosquito (D:8)
  A kobold (D:7)
6 creatures vanquished.

Vanquished Creatures (others)
  3 fire vortices (D:10)
3 creatures vanquished.

Grand Total: 345 creatures vanquished

Notes
Turn   | Place    | Note
-------+----------+-------------------------------------------
     0 | D:1      | lonewolfV2 the Demonspawn Fighter began the quest for the
                  | Orb.
     0 | D:1      | Reached XP level 1. HP: 18/18 MP: 1/1
   142 | D:1      | Found a faded altar of an unknown god.
   158 | D:1      | Prayed at the altar of an unknown god.
   158 | D:1      | Became a worshipper of Trog the Wrathful
   158 | D:1      | Reached * piety under Trog
   200 | D:1      | Gained mutation: A weak demonic guardian rushes to your
                  | aid. [demonic ancestry]
   200 | D:1      | Reached XP level 2. HP: 24/24 MP: 2/2
   458 | D:1      | Gained mutation: You have an unusually large brain. (Int
                  | +2) [demonic ancestry]
   458 | D:1      | Reached XP level 3. HP: 27/29 MP: 3/3
  1146 | D:2      | Reached ** piety under Trog
  1397 | D:2      | Identified the +0 ring mail of Action {Will+ Int+4}
  1816 | D:2      | Reached XP level 4. HP: 23/37 MP: 4/4
  2509 | D:3      | Reached skill level 4 in Fighting
  2860 | D:3      | Gained mutation: You have an extremely huge brain. (Int +4)
                  | [demonic ancestry]
  2860 | D:3      | Reached XP level 5. HP: 42/42 MP: 5/5
  3228 | D:4      | Found a sparkling altar of Nemelex Xobeh.
  3271 | D:4      | Found an opulent altar of Gozag.
  3899 | D:4      | Noticed an ogre
  3905 | D:4      | Killed an ogre
  3906 | D:4      | Reached skill level 5 in Fighting
  3906 | D:4      | Gained mutation: A meltable shield of frost defends you.
                  | (SH +4) [demonic ancestry]
  3906 | D:4      | Reached XP level 6. HP: 46/51 MP: 6/6
  3986 | D:4      | Found an ornate altar of the Wu Jian Council.
  4057 | D:5      | Entered Level 5 of the Dungeon
  4219 | D:5      | Reached *** piety under Trog
  4227 | D:5      | Noticed an ice beast
  4232 | D:5      | Killed an ice beast
  4233 | D:5      | Reached skill level 6 in Fighting
  4233 | D:5      | Reached skill level 5 in Axes
  4233 | D:5      | Reached XP level 7. HP: 42/58 MP: 7/7
  4271 | D:5      | Found a stormy altar of Qazlal.
  4271 | D:5      | Found a bloodstained altar of Trog.
  4416 | D:5      | Found a sand-covered staircase.
  4424 | Ossuary  | Entered an ossuary
  4621 | Ossuary  | Reached skill level 7 in Fighting
  4706 | D:5      | Reached XP level 8. HP: 67/67 MP: 8/8
  4836 | D:5      | Reached **** piety under Trog
  5280 | D:5      | Found a sacrificial altar of Ru.
  5384 | D:6      | Found a staircase to the Ecumenical Temple.
  5455 | D:6      | Reached skill level 8 in Fighting
  6027 | D:7      | Gained mutation: You have an absolutely massive brain. (Int
                  | +6, Wiz) [demonic ancestry]
  6027 | D:7      | Reached XP level 9. HP: 75/75 MP: 9/9
  6095 | D:7      | Reached skill level 9 in Fighting
  6291 | D:7      | Noticed a cyclops
  6293 | D:7      | Noticed a two-headed ogre
  6298 | D:7      | Reached ***** piety under Trog
  6300 | D:7      | Noticed a troll
  6301 | D:7      | Killed a two-headed ogre
  6302 | D:7      | Reached skill level 10 in Fighting
  6358 | D:7      | Killed a cyclops
  6358 | D:7      | Noticed a troll
  6359 | D:7      | Reached XP level 10. HP: 86/86 MP: 10/10
  6380 | D:7      | Reached skill level 11 in Fighting
  6666 | D:7      | Found a runed translucent gate.
  6666 | D:7      | Found a runed translucent gate.
  6666 | D:7      | Found a runed translucent gate.
  6667 | D:7      | Found an opulent altar of Gozag.
  6668 | D:7      | Noticed KittyFluff's ghost (novice GrBe)
  6687 | D:7      | Found a shimmering blue altar of Sif Muna.
  6915 | D:7      | Reached skill level 10 in Axes
  6918 | D:7      | Killed KittyFluff's ghost
  7166 | D:8      | Received a gift from Trog
  7320 | D:8      | Found a flagged portal.
  7450 | D:8      | Noticed a centaur warrior
  7461 | D:8      | Killed a centaur warrior
  7462 | D:8      | Reached skill level 12 in Fighting
  7594 | D:8      | Found a broken altar of Ashenzari.
  7623 | D:8      | Noticed a cyclops
  7634 | D:8      | Killed a cyclops
  7637 | D:8      | Reached XP level 11. HP: 96/96 MP: 11/11
  8179 | D:9      | Identified the +2 dagger of Pewkedwumif {flame, *Slow rElec
                  | rF++ SInv}
  8268 | D:9      | Found Lurumpo's Magic Scroll Emporium.
  8909 | D:9      | Noticed a two-headed ogre
  8916 | D:9      | Killed a two-headed ogre
  8979 | D:9      | Noticed a skeletal warrior
  8994 | D:9      | Killed a skeletal warrior
  8995 | D:9      | Reached skill level 5 in Shields
  9054 | D:9      | Identified the +7 dagger "Ducaal" {pain, *Noise +Blink rF++
                  | Dex-2}
  9225 | D:10     | Entered Level 10 of the Dungeon
  9257 | D:10     | Reached skill level 5 in Armour
  9279 | D:10     | Found a snail-covered altar of Cheibriados.
  9385 | D:10     | Noticed Maggie
  9402 | D:10     | Killed Maggie
  9465 | D:10     | Found a staircase to the Lair.
  9545 | D:10     | Noticed Fannar
  9547 | D:10     | Fannar changed into Fannar the water moccasin
  9547 | D:10     | Noticed Fannar
  9554 | D:10     | Killed Fannar the water moccasin
  9592 | D:10     | Found a staircase to the Orcish Mines.
  9886 | D:11     | Noticed a two-headed ogre
  9894 | D:11     | Killed a two-headed ogre
 10012 | D:11     | Gained mutation: A demonic guardian rushes to your aid.
                  | [demonic ancestry]
 10012 | D:11     | Reached XP level 12. HP: 99/103 MP: 12/12
 10257 | D:11     | Noticed a two-headed ogre
 10264 | D:11     | Killed a two-headed ogre
 10467 | D:11     | Noticed a two-headed ogre
 10474 | D:11     | Killed a two-headed ogre
 11059 | D:12     | Noticed a tengu warrior
 11059 | D:12     | Noticed a tengu warrior
 11071 | D:12     | Killed a tengu warrior
 11076 | D:12     | Killed a tengu warrior
 11381 | D:12     | Noticed Josephine
 11395 | D:12     | HP: 4/102 [Josephine/vampiric draining (20)]
 11395 | D:12     | Slain by a wraith

Illustrated notes

Levels and vault maps discovered:
D:1:      sevenhm_arrival_forest_fort_large_2, layout_loops_cross,
          hellmonk_ecumenical_altar_crossroads
D:2:      layout_basic, dk_noncrumbling_2, chequers_garden
D:3:      minmay_spotlight, layout_basic
D:4:      layout_loops_cross, nicolae_gozag_seed_capital,
          nicolae_wu_jian_immortal_techniques, nemelex_xobeh_ov_fountains_minmay
D:5:      minmay_diamond_boxcup, layout_loops_corners,
          gammafunk_temple_overflow_elements, old_standard_altar,
          nicolae_ru_the_path_less_chosen, gup_ossuary_entry_pyramid,
          serial_bayou_crossing
D:6:      layout_rooms, minmay_temple_entry_junction
D:7:      minmay_slanted_spiral_squares, layout_basic,
          mainiacjoe_overflow_small_starburst, ebering_ghost_gozag
D:8:      layout_loops_ring, zin_scriptorium, mainiacjoe_overflow_alcove_2,
          nicolae_overflow_hidden_temple, enter_bailey_3,
          minmay_shattered_shrine
D:9:      layout_loops_cross, serial_shops, shop, dilly_guarded_unrand_morg
D:10:     layout_basic, mainiacjoe_overflow_alcove_1, lair_entry_dummy,
          orc_0_dummy, nrook_mini_vaults, hangedman_incinerator, uniq_maggie,
          uniq_fannar
D:11:     lemuel_slime, layout_gridville
D:12:     lemuel_ice_statue, layout_gridville, kennysheep_generic_room_10,
          uniq_josephine

Skill      XL: |  1  2  3  4  5  6  7  8  9 10 11 12 |
---------------+-------------------------------------+-----
Axes           | 2 3 4 5 6 7 9 11 | 11.1
Shields        | 3 7 9 |  9.4
Fighting       | 4 5 6 7 8 10 12 | 12.3
Armour         | 7 9 |  9.1

Action                     |  1- 3 |  4- 6 |  7- 9 | 10-12 || total
---------------------------+-------+-------+-------+-------++-------
  Melee: War axe           |   106 |   120 |   175 |   411 ||   812
  Throw: Javelin           |       |       |       |    23 ||    23
 Invoke: Trog's Hand       |       |       |       |     3 ||     3
         Brothers in Arms  |       |       |       |     2 ||     2
         Berserk           |       |       |       |     1 ||     1
  Evoke: Wand              |       |       |     5 |     7 ||    12
    Use: Scroll            |     4 |     4 |    13 |     6 ||    27
         Potion            |       |       |     4 |     8 ||    12
   Stab: Distracted        |       |       |     1 |       ||     1
 Armour: Scale mail        |    14 |       |       |       ||    14
         Chain mail        |    54 |       |       |       ||    54
         Crystal plate arm |    16 |   144 |   213 |   368 ||   741
  Dodge: Dodged            |    41 |     3 |     7 |    43 ||    94
  Block: Buckler           |    28 |    47 |    82 |       ||   157
         Kite shield       |       |       |    67 |   372 ||   439
